 Dungeon Crawl Stone Soup version 0.26-a0-695-g987792ac36 (webtiles) character file.

Game seed: 16293247854499582698

23169 somkeydreadnuts the Destroyer (level 13, -5/82 HPs)
             Began as a Gargoyle Earth Elementalist on Oct 25, 2020.
             Was a Believer of Vehumet.
             Slain by a skeletal warrior
             ... wielding a cursed -2 mace
             ... led by a skeletal warrior
              (13 damage)
             ... on level 11 of the Dungeon on Oct 26, 2020.
             The game lasted 02:07:20 (17505 turns).

somkeydreadnuts the Destroyer (GrEE)               Turns: 17505, Time: 02:07:23

Health: -5/82      AC: 20    Str: 15    XL:     13   Next: 5%
Magic:  1/34       EV: 12    Int: 22    God:    Vehumet [**....]
Gold:   811        SH:  0    Dex: 10    Spells: 10/28 levels left

rFire    . . .     SeeInvis +   D - +5 long sword of Sudden Death {vorpal, *Corrode rC+ MR+ Str+4}
rCold    + . .     Faith    .   (no shield)
rNeg     + . .     Spirit   .   J - +5 robe of Night {Dark MR+ SInv}
rPois    ∞         Reflect  .   (no helmet)
rElec    +         Harm     .   B - +0 cloak
rCorr    .         Rampage  .   L - +1 pair of gloves
MR       ++...                  (no boots)
Stlth    ++........             i - amulet of the acrobat
HPRegen  0.23/turn              q - ring of wizardry
MPRegen  0.24/turn              t - ring of magical power

@: no status effects
A: negative energy resistance 1, electricity resistance, unbreathing,
petrification resistance, rot immunity, AC +9
a: Renounce Religion


You were on level 11 of the Dungeon.
You worshipped Vehumet.
Vehumet was pleased with you.
You visited 2 branches of the dungeon, and saw 13 of its levels.
You also visited: Ossuary and Ice Cave.

You collected 1086 gold pieces.
You spent 275 gold pieces at shops.

Inventory:

Hand Weapons
 D - the +5 long sword of Sudden Death (weapon) {vorpal, *Corrode rC+ MR+ Str+4}
   (You found it on level 6 of the Dungeon)

   It inflicts extra damage upon your enemies.
   It affects your strength (+4).
   It protects you from cold.
   It affects your resistance to hostile enchantments.
   It may corrode you when you take damage.
Missiles
 b - 68 stones (quivered)
Armour
 B - a +0 cloak (worn)
 J - the +5 robe of Night (worn) {Dark MR+ SInv}
   (You found it on level 7 of the Dungeon)

   It affects your resistance to hostile enchantments.
   It lets you see invisible.
 L - a +1 pair of gloves (worn)
 N - the +0 leather armour of Kydwav {rPois Regen+ Int-2 Slay+2 SInv}
   (You found it on level 8 of the Dungeon)

   It affects your intelligence (-2).
   It affects your accuracy and damage with ranged weapons and melee attacks
   (+2).
   It protects you from poison.
   It lets you see invisible.
   It increases your rate of regeneration.
 T - a +1 animal skin of cold resistance
Magical Staves
 r - an uncursed staff of cold
Jewellery
 a - a +4 ring of evasion
 i - an amulet of the acrobat (around neck)
 p - an uncursed ring of fire
 q - a ring of wizardry (left hand)
 t - a ring of magical power (right hand)
 F - an uncursed ring of ice
 O - a +6 ring of strength
Wands
 e - a wand of flame (22)
 y - a wand of digging (13)
 H - a wand of random effects (21)
 I - a wand of iceblast (5)
 P - a wand of disintegration (11)
Scrolls
 c - 3 scrolls of fog
 d - 2 scrolls of fear
 f - 6 scrolls of teleportation
 j - 3 scrolls of identify
 k - 3 scrolls of remove curse
 m - a scroll of enchant weapon
 s - 5 scrolls of amnesia
 v - a scroll of enchant armour
 x - 3 scrolls of blinking
 z - 2 scrolls of immolation
 K - a scroll of magic mapping
 M - 2 scrolls of brand weapon
Potions
 g - 2 potions of curing
 h - 3 potions of flight
 n - a potion of resistance
 o - 2 potions of haste
 u - 3 potions of brilliance
 w - 2 potions of cancellation
 A - 2 potions of mutation
 C - a potion of ambrosia
 E - a potion of stabbing
 G - a potion of might
Miscellaneous
 Q - a condenser vane (inert)


   Skills:
 - Level 10.1 Fighting
 - Level 1.2 Long Blades
   Level 1.0(1.2) Maces & Flails
 - Level 1.0(1.2) Staves
 - Level 0.8 Throwing
 - Level 7.0 Armour
 - Level 1.8 Dodging
 - Level 2.2 Stealth
 - Level 0.1 Unarmed Combat
 - Level 8.4 Spellcasting
 - Level 12.4 Conjurations
 - Level 0.7 Transmutations
 * Level 2.0 Fire Magic
 - Level 11.0 Earth Magic
 - Level 5.2 Evocations


You had 10 spell levels left.
You knew the following spells:

 Your Spells              Type           Power        Failure   Level
a - Sandblast             Erth           ######       1%          1
b - Passwall              Tmut/Erth      #####...     1%          2
c - Stone Arrow           Conj/Erth      ######       1%          3
d - Lee's Rapid Deconstr  Erth           ######....   1%          5
e - Petrify               Tmut/Erth      #####...     2%          4
f - Inner Flame           Hex/Fire       ##......     6%          3

Your spell library contained the following spells:

 Spells                   Type           Power        Failure   Level
 Foxfire                  Conj/Fire      ####         1%          1
 Animate Skeleton         Necr           #.....       2%          1
 Apportation              Tloc           #.....       2%          1
 Corona                   Hex            #......      2%          1
 Summon Small Mammal      Summ           #...         2%          1
 Leda's Liquefaction      Hex/Erth       ####......   3%          4
 Slow                     Hex            #.......     4%          2
 Portal Projectile        Hex/Tloc       #.....       9%          3
 Cause Fear               Hex            #.........   26%         4


Dungeon Overview and Level Annotations

Branches:
Dungeon (12/15)            Temple (1/1) D:5            Lair (0/6) D:9
Ossuary (visited)           IceCv (visited)
    Orc: D:9-12

Altars:
Ashenzari
Cheibriados
Dithmenos
Elyvilon
Fedhas
Gozag
Hepliaklqana
Kikubaaqudgha
Makhleb
Nemelex Xobeh
Okawaru
Qazlal
Ru
Sif Muna
Trog
Uskayaw
Vehumet
Wu Jian
Xom
Yredelemnul
Zin
The Shining One

Shops:
D:4 ==   D:5 *   D:6 *   D:7 [


Innate Abilities, Weirdness & Mutations

You are resistant to torment.
Your stone body is resilient. (AC +9)
You are immune to poison.
You resist negative energy. (rN+)
You are resistant to electric shocks. (rElec)
You can survive without breathing.
You are immune to petrification.
You are immune to rotting.


Message History

b - 70 stones The skeletal warrior hits you but does no damage.
Casting: Sandblast (safe; 1% risk of failure)
Confirm with . or Enter, or press ? or * to list all spells.
Aiming: Sandblast (safe; 1% risk of failure)
Press: ? - help, Shift-Dir - straight line, f/p - skeletal warrior
Aim: a skeletal warrior, wielding a -2 mace (severely damaged)
The blast of sand misses the skeletal warrior.
b - 69 stones The skeletal warrior hits you but does no damage.
Casting: Sandblast (safe; 1% risk of failure)
Confirm with . or Enter, or press ? or * to list all spells.
Aiming: Sandblast (safe; 1% risk of failure)
Press: ? - help, Shift-Dir - straight line, f/p - skeletal warrior
Aim: a skeletal warrior, wielding a -2 mace (severely damaged)
The blast of sand hits the skeletal warrior!
The skeletal warrior is almost destroyed.
b - 68 stones The skeletal warrior hits you with a cursed -2 mace!
You die...

####†..#..#...#.......#.#...#
#....#.#.....########.#...###
#.####.#.##.......###...#)#####
#.#........#.#...........))....
#.#.######.#.#.##.#####...#####
#...# ###.#.#....# ##### ###.#
#...#.#.####
######'###.#z################
#.....##.#@.......)))......
#.....##'##################
#..........# ###........##
#..♣......# #..♣♣♣....# #####
#...♣.....# #....
#.........###### ###.##.
#(.............# #....#.


You could see a skeletal warrior.

Vanquished Creatures
  Gastronok (D:9)
  A frost giant (IceCv)
  Erica (D:9)
  2 death yaks (IceCv)
  2 two-headed ogres
  A skeletal warrior (D:12)
  An unseen horror (D:10)
  Pikel (D:9)
  A rime drake (IceCv)
  A hornet (D:10)
  16 polar bears (IceCv)
  A troll (D:9)
  20 yaks
  A wraith (D:10)
  A wyvern (D:8)
  Eustachio (D:6)
  Grum (D:10)
  A soldier ant (D:6)
  3 wargs (D:9)
  2 water moccasins (D:9)
  7 ice beasts
  Purgy (D:3)
  4 orc warriors
  4 sky beasts
  6 ogres
  18 wolves
  5 centaurs
  A lemure (D:9)
  5 big kobolds
  9 bullfrogs
  A gnoll sergeant (D:11)
  2 scorpions
  22 wights
  7 howler monkeys
  An electric eel (D:12)
  3 bullfrog zombies
  4 centaur zombies
  A quasit (D:10)
  A jelly (D:5)
  7 orc priests
  8 hounds
  14 orc wizards
  A centaur skeleton (D:10)
  2 bullfrog skeletons
  2 iguanas (D:9)
  10 worker ants
  2 ogre zombies (Ossuary)
  A bullfrog simulacrum (D:12)
  A hound skeleton (D:7)
  7 mummies (Ossuary)
  5 gnolls (D:11)
  A howler monkey skeleton (D:8)
  15 adders
  6 shadow imps
  14 white imps
  2 ufetubi
  3 oozes (D:1)
  3 adder zombies (Ossuary)
  2 adder skeletons
  3 worms
  A dart slug (D:1)
  An adder simulacrum (D:10)
  7 leopard geckos
  36 orcs
  A ball python (D:2)
  7 giant cockroaches
  15 goblins
  15 hobgoblins
  13 jackals
  7 quokkas
  6 bats
  5 frilled lizards
  A gnoll zombie (Ossuary)
  6 goblin zombies (Ossuary)
  2 hobgoblin zombies (Ossuary)
  21 kobolds
  4 kobold zombies (Ossuary)
  2 quokka zombies (Ossuary)
  8 rats
  7 rat zombies (Ossuary)
435 creatures vanquished.

Vanquished Creatures (others)
  A polar bear (IceCv)
  A yak (IceCv)
  An orc wizard (D:12)
  3 plants (D:12)
6 creatures vanquished.

Grand Total: 441 creatures vanquished

Notes
Turn   | Place    | Note
-------+----------+-------------------------------------------
     0 | D:1      | somkeydreadnuts the Gargoyle Earth Elementalist began the
                  | quest for the Orb.
     0 | D:1      | Reached XP level 1. HP: 10/10 MP: 3/3
   109 | D:1      | Reached XP level 2. HP: 15/15 MP: 0/5
   325 | D:1      | Reached XP level 3. HP: 14/19 MP: 3/6
   878 | D:1      | Reached skill level 5 in Earth Magic
   886 | D:1      | Learned a level 2 spell: Passwall
  1271 | D:2      | Reached XP level 4. HP: 24/24 MP: 7/7
  1307 | D:2      | Found a hazy altar of Hepliaklqana.
  2135 | D:3      | Noticed Purgy
  2141 | D:3      | Killed Purgy
  2141 | D:3      | Reached XP level 5. HP: 21/28 MP: 1/8
  2406 | D:3      | Reached XP level 6. HP: 26/32 MP: 6/9
  2753 | D:3      | Found a basalt altar of Yredelemnul.
  3133 | D:3      | Learned a level 3 spell: Stone Arrow
  3572 | D:4      | Found a radiant altar of Vehumet.
  3625 | D:4      | Found a hide-covered altar of Uskayaw.
  3701 | D:4      | Reached skill level 1 in Fighting
  3795 | D:4      | Reached XP level 7. HP: 38/38 MP: 8/10
  3922 | D:4      | Found Xoxuceut's Jewellery Boutique.
  3952 | D:4      | Found Taph's Jewellery Emporium.
  4240 | D:4      | Bought an uncursed ring of magical power for 200 gold
                  | pieces
  4338 | D:5      | Entered Level 5 of the Dungeon
  4406 | D:5      | Found an opulent altar of Gozag.
  4483 | D:5      | Found Zin's Purification Station.
  4484 | D:5      | Found a glowing silver altar of Zin.
  4508 | D:5      | Reached skill level 1 in Maces & Flails
  4522 | D:5      | Found a sand-covered staircase.
  4533 | Ossuary  | Entered an ossuary
  4566 | Ossuary  | Reached skill level 1 in Armour
  5489 | D:5      | Reached skill level 5 in Armour
  5489 | D:5      | Reached XP level 8. HP: 9/43 MP: 11/11
  5512 | D:5      | HP: 1/43 [orc priest/divine providence (11)]
  5837 | D:5      | Found a staircase to the Ecumenical Temple.
  6033 | D:5      | Found a shimmering altar of Xom.
  6251 | D:5      | Learned a level 5 spell: Lee's Rapid Deconstruction
  6392 | D:6      | Got a masterwork long sword
  6393 | D:6      | Identified the +5 long sword of Sudden Death {vorpal,
                  | *Corrode rC+ MR+ Str+4} (You found it on level 6 of the
                  | Dungeon)
  6696 | D:6      | Reached skill level 1 in Long Blades
  6696 | D:6      | Reached skill level 1 in Conjurations
  6696 | D:6      | Reached skill level 5 in Fighting
  6838 | D:6      | Reached XP level 9. HP: 54/54 MP: 12/12
  6961 | D:6      | Noticed Eustachio
  6972 | D:6      | Killed Eustachio
  7084 | D:6      | Reached skill level 10 in Earth Magic
  7276 | D:6      | Found Quemn's Assorted Antiques.
  7854 | D:6      | Bought a large iron ring for 75 gold pieces
  8257 | D:7      | Found the +5 robe of Night {Dark MR+ SInv}
  8651 | D:7      | Found Ezuv's Antique Armour Shop.
  8827 | D:8      | Found a snail-covered altar of Cheibriados.
  8860 | D:8      | Got a bloodstained leather armour
  8871 | D:8      | Identified the cursed +0 leather armour of Kydwav {rPois
                  | Regen+ Int-2 Slay+2 SInv} (You found it on level 8 of the
                  | Dungeon)
  9009 | D:8      | Reached XP level 10. HP: 65/65 MP: 5/13
  9777 | D:8      | Reached skill level 10 in Fighting
  9880 | D:9      | Noticed Pikel
  9947 | D:9      | Killed Pikel
  9989 | D:9      | Noticed Gastronok
 10298 | D:9      | Noticed a two-headed ogre
 10301 | D:9      | Killed a two-headed ogre
 10436 | D:9      | Reached skill level 5 in Evocations
 10576 | D:9      | Reached XP level 11. HP: 66/72 MP: 16/16
 10637 | D:9      | Noticed Erica
 10642 | D:9      | Killed Erica
 10642 | D:9      | Reached skill level 5 in Spellcasting
 10755 | D:9      | Found a staircase to the Lair.
 10918 | D:9      | Killed Gastronok
 11215 | D:10     | Entered Level 10 of the Dungeon
 11216 | D:10     | Upgraded the game from 0.26-a0-690-gcb57259078 to
                  | 0.26-a0-695-g987792ac36
 11536 | D:10     | Noticed an unseen horror
 11540 | D:10     | Killed an unseen horror
 11738 | D:10     | Noticed Grum
 11747 | D:10     | Reached skill level 2 in Conjurations
 11754 | D:10     | Killed Grum
 11754 | D:10     | Reached skill level 1 in Staves
 12272 | Temple   | Entered the Ecumenical Temple
 13003 | D:10     | Reached skill level 3 in Conjurations
 13046 | D:10     | Noticed a two-headed ogre
 13049 | D:10     | Killed a two-headed ogre
 13049 | D:10     | Reached skill level 4 in Conjurations
 13357 | D:11     | Reached skill level 5 in Conjurations
 13476 | D:11     | Reached XP level 12. HP: 76/77 MP: 2/24
 13504 | D:11     | Reached skill level 6 in Conjurations
 13989 | D:11     | Reached skill level 7 in Conjurations
 15213 | D:4      | Became a worshipper of Vehumet
 15518 | D:12     | Found a frozen archway.
 15549 | D:12     | Reached * piety under Vehumet
 15549 | D:12     | Offered knowledge of Magic Dart by Vehumet.
 15561 | D:12     | Reached skill level 8 in Conjurations
 15630 | IceCv    | Entered an ice cave
 16083 | IceCv    | Reached skill level 9 in Conjurations
 16552 | IceCv    | Offered knowledge of Foxfire by Vehumet.
 16552 | IceCv    | Reached skill level 10 in Conjurations
 16636 | IceCv    | Reached ** piety under Vehumet
 16670 | IceCv    | Reached skill level 11 in Conjurations
 16942 | IceCv    | Noticed a death yak
 16943 | IceCv    | Noticed a death yak
 16946 | IceCv    | Noticed a frost giant
 16956 | IceCv    | Killed a death yak
 16962 | IceCv    | Killed a death yak
 17238 | IceCv    | Learned a level 4 spell: Petrify
 17242 | IceCv    | Learned a level 3 spell: Inner Flame
 17331 | IceCv    | Killed a frost giant
 17331 | IceCv    | Reached skill level 12 in Conjurations
 17331 | IceCv    | Reached XP level 13. HP: 59/82 MP: 22/25
 17505 | D:11     | Slain by a skeletal warrior

Illustrated notes

Levels and vault maps discovered:
D:1:      moated_graveyard_arrival, layout_loops_ring
D:2:      layout_basic, old_standard_altar, hex_intersection
D:3:      cheibrodos_greedy_goblins, layout_loops_cross,
          yredelemnul_altar_generic, uniq_purgy
D:4:      layout_basic, fiery_altar_vehumet, lemuel_round_altar, serial_shops,
          shop, shop
D:5:      layout_basic, marbit_many_paths, zin_purify, temple_green,
          nicolae_ossuary_entry_ruins, basic_altar, minmay_misc_feat_hallway
D:6:      layout_loops_corners, serial_shops, shop, minmay_manual_mess,
          uniq_eustachio
D:7:      layout_rooms, serial_shops, nicolae_shop_behind_doors, serial_glass,
          glass_columns_b, glass_columns_c
D:8:      layout_gridville, cheibriados_altar_1, st_stairs_10,
          kennysheep_generic_room_16
D:9:      layout_big_octagon, erik_lair_orcish_takeover, uniq_erica,
          uniq_gastronok, uniq_pikel
D:10:     layout_roguey, nzn_random_ring, uniq_grum
D:11:     layout_basic, gauntlet_entry_generic
D:12:     layout_cave_pods, david_orc_2, serial_shops,
          nicolae_shop_overgrown_old_shop, serial_ice, serial_ice_k,
          serial_ice_d, serial_ice_g, serial_ice_h, portal_ice_cave_entry_imps,
          elyvilon_altar_4
Temple:   eino_temple_rhombus

Skill      XL: |  1  2  3  4  5  6  7  8  9 10 11 12 13 |
---------------+----------------------------------------+-----
Earth Magic    | 4 5 7 8 11 | 11.0
Fighting       | 1 5 8 10 | 10.1
Maces & Flails | 1 |  1.0
Armour         | 5 7 |  7.0
Long Blades    | 1 |  1.2
Conjurations   | 1 5 12 | 12.4
Evocations     | 5 |  5.2
Spellcasting   | 3 8 |  8.4
Staves         | 1 |  1.0
Fire Magic     | 2 |  2.0
Throwing       | |  0.8
Dodging        | |  1.8
Stealth        | |  2.2
Unarmed Combat | |  0.1
Transmutations | |  0.7

Action                   |  1- 3 |  4- 6 |  7- 9 | 10-12 | 13-15 || total
-------------------------+-------+-------+-------+-------+-------++-------
Melee: Unarmed           |    27 |       |       |       |       ||    27
       Short sword       |    33 |   173 |       |       |       ||   206
       Flail             |       |       |   157 |       |       ||   157
       Long sword        |       |       |    36 |   205 |     5 ||   246
       Staff             |       |       |       |    47 |       ||    47
 Cast: Sandblast         |    40 |    50 |   100 |   181 |     8 ||   379
       Stone Arrow       |       |       |    31 |    42 |     3 ||    76
       Lee's Rapid Decon |       |       |    11 |    49 |     5 ||    65
Evoke: Condenser vane    |       |       |       |     2 |       ||     2
  Use: Scroll            |       |     6 |    13 |     5 |       ||    24
       Potion            |       |     6 |     3 |     3 |       ||    12
 Stab: Sleeping          |     2 |     1 |     1 |     1 |       ||     5
       Distracted        |       |       |     1 |       |       ||     1
Armor: Robe              |    20 |    49 |     5 |   247 |    12 ||   333
       Leather armour    |       |       |   102 |       |       ||   102
Dodge: Dodged            |    49 |   155 |   173 |   318 |     5 ||   700
       Rpst.: Long sword |       |       |    17 |    59 |       ||    76

Table legend: (Time is in decaauts)
 A = Elapsed time spent in this place.
 B = Non-inter-level travel time spent in this place.
 C = Inter-level travel time spent in this place.
 D = Time resting spent in this place.
 E = Time spent auto-exploring this place.
 F = Levels seen in this place.
 G = Mean time per level.
                   A        B        C        D        E       F      G
               +--------+--------+--------+--------+--------+-----+--------+
         Total |  17663 |  17601 |     62 |      0 |  10146 |  15 | 1177.5 |
       Dungeon |  14616 |  14554 |     62 |      0 |   8471 |  12 | 1218.0 |
        Temple |    312 |    312 |      0 |      0 |    159 |   1 |  312.0 |
       Ossuary |    864 |    864 |      0 |      0 |    310 |   1 |  864.0 |
      Ice Cave |   1869 |   1869 |      0 |      0 |   1206 |   1 | 1869.0 |
               +--------+--------+--------+--------+--------+-----+--------+

Top non-repeatable levels by time:
     D:6: 1955 daAuts
   IceCv: 1869 daAuts
     D:9: 1470 daAuts
     D:5: 1444 daAuts
     D:8: 1336 daAuts
     D:4: 1333 daAuts
     D:3: 1307 daAuts
     D:2: 1295 daAuts
    D:11: 1178 daAuts
    D:10: 1153 daAuts
     D:1: 1008 daAuts
     D:7: 988 daAuts
 Ossuary: 864 daAuts
  Temple: 312 daAuts
    D:12: 143 daAuts
